AoeStats
← betatheking

Black Forest

505782337Analyzed
4v4 RM · 21d ago on Sep 11, 2026· 56m 50s· 8 players
Game mode
Random Map
Map size
Large (8 player)
Population
200
Speed
Normal
Resources
Standard
Victory
Conquest
Starting age
Dark Age
Ending age
Imperial Age
RankedLock teamsTeams togetherTeam positionsShared explorationLock speedFull tech treeHidden civsTurbo modeCheats
Victory
Defeat
🇨🇦 Chinese · Canada
827
+10
🇺🇸 Franks · United States
820
+11
🇦🇷 Shu · Argentina
811
+11
🇨🇱 Turks · Chile
809
+11
🇬🇧 Georgians · United Kingdom
742
-12
🇵🇪 Teutons · Peru
700
-11
🇵🇪 Persians · Peru
687
-10
🇺🇸 Bohemians · United States
677
-10
Executioner's Bong
0:31 Loom
14:21 Feudal Age
15:01 Double-Bit Axe
15:38 Horse Collar
20:12 Stone Mining
23:38 Forging
29:30 Castle Age
29:22 Gold Mining
31:22 Heavy Plow
31:35 Bow Saw
33:49 Fletching
35:16 Scale Barding Armor
36:48 Bloodlines
37:41 Wheelbarrow
36:54 Town Watch
37:16 Guard Tower
38:00 Light Cavalry
40:16 Stone Shaft Mining
41:41 Treadmill Crane
42:40 Svan Towers
43:56 Hand Cart
43:58 Town Patrol
44:23 Ballistics
46:00 Husbandry
48:40 Imperial Age
47:41 Bodkin Arrow
48:21 Iron Casting
48:07 Chain Barding Armor
48:49 Masonry
48:36 Murder Holes
48:52 Fortified Wall
51:35 Blast Furnace
50:36 Bracer
51:14 Keep
51:39 Chemistry
50:58 Herbal Medicine
50:35 Hussar
53:45 Siege Engineers
56:25 Architecture
55:42 Arrowslits
Mr P00pee B H0le
13:21 Feudal Age
17:04 Castle Age
15:34 Double-Bit Axe
19:58 Loom
24:34 Bow Saw
26:37 Pikeman
28:43 Forging
34:15 Imperial Age
32:58 Wheelbarrow
34:00 Padded Archer Armor
34:00 Scale Mail Armor
35:32 Conscription
35:49 Elite Skirmisher
36:21 Fletching
36:47 Leather Archer Armor
41:09 Chemistry
39:40 Halberdier
40:58 Iron Casting
40:39 Chain Mail Armor
41:44 Squires
44:18 Wagenburg Tactics
44:35 Siege Engineers
44:48 Houfnice
48:30 Hand Cart
49:20 Plate Mail Armor
49:51 Blast Furnace
49:59 Guilds
49:51 Caravan
IBlink182
0:34 Loom
14:26 Feudal Age
16:03 Wheelbarrow
15:48 Double-Bit Axe
16:25 Stone Mining
21:21 Horse Collar
26:48 Castle Age
25:34 Gold Mining
26:10 Scale Mail Armor
27:37 Padded Archer Armor
27:28 Fletching
28:12 Heavy Plow
28:25 Bow Saw
33:53 Imperial Age
33:18 Town Watch
33:58 Elite Skirmisher
35:35 Leather Archer Armor
38:32 Ring Archer Armor
37:58 Bodkin Arrow
38:37 Conscription
40:48 Cavalier
42:04 Scale Barding Armor
42:09 Forging
42:36 Ironclad
43:47 Two-Man Saw
42:46 Sappers
44:01 Fortified Wall
45:59 Chemistry
46:15 Chain Barding Armor
46:31 Iron Casting
52:29 Plate Barding Armor
52:57 Blast Furnace
jhadir
2:03 Loom
19:36 Feudal Age
26:26 Double-Bit Axe
29:30 Castle Age
29:27 Gold Mining
29:27 Stone Mining
29:21 Horse Collar
30:26 Bow Saw
31:01 Gold Shaft Mining
30:33 Heavy Plow
31:15 Stone Shaft Mining
34:35 Wheelbarrow
36:03 Forging
35:59 Scale Barding Armor
36:03 Husbandry
36:14 Bloodlines
37:01 Hand Cart
38:37 Iron Casting
42:48 Imperial Age
IdocOhThree
0:28 Loom
11:10 Feudal Age
12:50 Wheelbarrow
15:09 Double-Bit Axe
18:20 Forging
18:17 Scale Barding Armor
21:09 Castle Age
22:08 Bow Saw
30:43 Imperial Age
30:41 Husbandry
31:20 Iron Casting
31:07 Chain Barding Armor
31:38 Town Watch
31:31 Cavalier
39:53 Paladin
41:37 Blast Furnace
41:13 Plate Barding Armor
42:54 Town Patrol
43:10 Hand Cart
43:53 Caravan
55:16 Chivalry
55:39 Conscription
betatheking
1:48 Loom
18:17 Feudal Age
18:57 Horse Collar
19:07 Double-Bit Axe
21:01 Stone Mining
21:01 Gold Mining
25:36 Castle Age
38:34 Imperial Age
43:22 Elite Chu Ko Nu
Alfakong
0:27 Loom
17:28 Feudal Age
18:26 Town Watch
19:00 Gold Mining
19:03 Double-Bit Axe
28:10 Castle Age
29:13 Bow Saw
34:24 Horse Collar
35:28 Gold Shaft Mining
36:06 Heavy Plow
41:30 Imperial Age
39:27 Redemption
41:50 Caravan
43:00 Wheelbarrow
45:40 Two-Man Saw
47:46 Hand Cart
51:11 Stone Mining
alee__juliann
15:48 Feudal Age
17:02 Double-Bit Axe
17:09 Loom
18:15 Horse Collar
27:50 Castle Age
26:28 Stone Mining
26:41 Gold Mining
27:57 Crossbowman
30:49 Wheelbarrow
30:00 Town Watch
30:06 Fletching
30:16 Padded Archer Armor
30:47 Thumb Ring
31:12 Bow Saw
31:41 Bodkin Arrow
31:53 Heavy Plow
33:18 Thumb Ring
36:33 Imperial Age
36:10 Leather Archer Armor
36:55 Hand Cart
36:41 Town Patrol
37:20 Husbandry
36:41 Heavy Hei Guang Cavalry
36:43 Light Cavalry
36:45 Arbalester
37:56 Fervor
39:01 Chemistry
38:22 Ballistics
40:31 Bracer
41:02 Ring Archer Armor
40:55 Conscription
40:45 Coiled Serpent Array
41:28 Scale Barding Armor
41:33 Forging
42:10 Guilds
44:42 Bolt Magazine
45:11 Masonry
45:13 Siege Engineers
45:12 Scale Mail Armor
46:47 Two-Man Saw
46:29 Caravan
50:08 Chain Barding Armor
50:04 Chain Mail Armor
49:51 Elite White Feather Guard
51:19 Hoardings
51:26 Hoardings
53:58 Architecture
53:24 Murder Holes
53:42 Fortified Wall
54:02 Town Patrol
Connection lost

Rejoining the realm…

Still unreachable

The connection could not be restored.

Session expired

The server has moved on; the page needs a fresh start.